Map: Year Zero LE

Players

BratOK (Brat_OK)

  • Race: Terran Terran
  • Spawn Location: 11:00

Elazer - Winner!

  • Race: Zerg Zerg
  • Spawn Location: 1:00

Event: 2019 WCS Winter Europe

VOD

Have the link to the VOD?

Description

Time

  • Played on: Feb. 2, 2019, 9:27 a.m.
  • Length: 10:03

All games in this series

Show
View Real Time Build Order
Export as new Build Order

BratOK Terran 

Build Orders: Reaper Expand 

Get SALT Encoding   

  12  0:00  SCV  
  13  0:12  SCV  
  14  0:18  Supply Depot  
  14  0:25  SCV  
  15  0:39  SCV  
  15  0:41  Barracks  
  16  0:44  Refinery  
  16  0:51  SCV  
  17  1:04  SCV  
  18  1:16  SCV  
  19  1:28  Reaper, Orbital Command  
  20  1:42  Command Center  
  20  1:50  Supply Depot  
  20  1:54  SCV  
  21  1:59  Marine  
  22  2:07  Factory  
  22  2:10  SCV  
  23  2:17  Marine  
  24  2:25  Barracks  
  24  2:28  SCV  
  25  2:41  SCV  
  25  2:43  Barracks Reactor  
  26  2:52  Factory Tech Lab  
  26  2:55  Orbital Command  
  26  2:57  SCV  
  27  3:05  Command Center  
  27  3:13  Barracks Reactor  
  27  3:14  SCV  
  28  3:23  SCV  
  28  3:25  Hellion x2  
  33  3:27  Stimpack  
  33  3:31  SCV  
  34  3:34  Marine  
  34  3:35  SCV  
  34  3:36  Refinery  
  36  3:43  SCV  
  36  3:46  Supply Depot  
  36  3:47  Hellion  
  39  3:49  Hellion  
  39  3:52  SCV  
  42  3:55  SCV, Marine  
  42  3:56  Marine  
  45  4:04  Starport  
  45  4:06  SCV  
  45  4:07  SCV  
  47  4:14  Marine  
  50  4:17  Hellion x2  
  50  4:21  Orbital Command  
  50  4:22  SCV  
  53  4:25  SCV  
  53  4:29  Marine  
  53  4:30  Supply Depot, Marine  
  56  4:32  Marine  
  56  4:36  SCV  
  56  4:37  SCV  
  59  4:49  Factory Reactor, Marine x2  
  59  4:50  Marine  
  59  4:51  Medivac x2  
  66  4:53  SCV, Supply Depot  
  66  4:54  SCV  
  68  5:05  SCV x2, Refinery  
  68  5:06  SCV, Refinery  
  71  5:07  Marine x2  
  71  5:09  Marine  
  74  5:16  Engineering Bay  
  74  5:17  Engineering Bay  
  74  5:24  Barracks  
  74  5:25  Marine x2  
  74  5:27  SCV x2  
  79  5:31  Combat Shield  
  79  5:32  Marine  
  79  5:34  Starport Reactor  
  79  5:35  Orbital Command  
  79  5:39  SCV x2  
  81  5:43  Marine x2  
  81  5:44  Terran Infantry Weapons Level 1, Terran Infantry Armor Level 1  
  83  5:50  Marine  
  81  5:58  SCV x2  
  83  6:05  Factory Tech Lab, Marine x2  
  85  6:16  Barracks  
  85  6:17  Barracks  
  85  6:27  Supply Depot x2  
  85  6:32  Marine x5  
  85  6:33  SCV x3  
  85  6:39  Siege Tank  
  92  6:44  Medivac x2  
  92  6:45  SCV x2  
  90  6:48  SCV  
  90  6:50  Marine x5  
  96  6:57  SCV x2  
  96  7:00  SCV  
  96  7:01  Supply Depot  
  99  7:04  Armory  
  99  7:05  Barracks Reactor  
  99  7:08  Marine x2  
  99  7:09  SCV x2  
  99  7:11  Siege Tank  
  99  7:12  SCV  
  99  7:14  Marine x2  
  109  7:22  SCV, Marine  
  111  7:29  Marine x3  
  113  7:34  Supply Depot x2  
  113  7:35  Supply Depot  
  105  7:41  Marine  
  105  7:42  Marine x3  
  93  7:44  Siege Tank  
  93  7:45  Marine  
  93  7:47  Marine x2  
  93  7:49  Marine  
  93  7:53  Marine  
  81  7:59  Marine  
  81  8:00  Marine x3  
  81  8:03  Marine  
  81  8:04  Marine  
  81  8:05  Marine  
  73  8:07  Marine  
  73  8:11  Marine  
  69  8:17  Marine x2  
  69  8:18  Siege Tank, Marine  
  70  8:20  Orbital Command, Marine  
  70  8:21  Marine  
  68  8:28  Marine  
  68  8:29  Marine  
  66  8:40  Marine  
  60  8:42  Marine  
  60  8:47  Marine  
  50  8:56  Marine x2  
  50  9:02  Marine  
  49  9:04  Marine  
  49  9:06  Marine  
  47  9:12  Marine  
  47  9:16  Marine  
  47  9:20  Marine x2  
  47  9:21  Marine x2  
  48  9:25  Siege Tank  
  48  9:27  Marine  
  48  9:30  Marine  
  49  9:31  Marine  
  49  9:32  Marine  
  49  9:34  Marine  
  49  9:38  Marine  
  46  9:41  Marine  
Show
View Real Time Build Order
Export as new Build Order

Elazer Zerg - Winner!

Build Orders: Hatch First 

Get SALT Encoding   

  12  0:00  Drone  
  13  0:13  Overlord  
  13  0:17  Drone  
  14  0:31  Drone x2  
  16  0:50  Hatchery  
  16  0:52  Drone  
  16  0:56  Drone  
  17  0:59  Drone  
  18  1:10  Extractor  
  17  1:15  Spawning Pool  
  16  1:18  Drone  
  16  1:22  Drone  
  18  1:29  Drone  
  19  1:40  Drone  
  20  1:50  Drone  
  21  2:04  Queen x2  
  21  2:05  Zergling x4  
  27  2:18  Hatchery  
  26  2:23  Overlord  
  26  2:26  Drone  
  26  2:29  Drone  
  28  2:35  Metabolic Boost  
  28  2:39  Extractor  
  28  2:40  Drone  
  28  2:43  Drone  
  30  2:48  Queen  
  32  2:52  Drone  
  32  2:56  Overlord  
  33  2:59  Drone  
  33  3:03  Drone x2  
  36  3:16  Drone x3  
  36  3:17  Drone  
  40  3:20  Drone x2  
  40  3:25  Queen  
  44  3:27  Overlord  
  44  3:33  Queen  
  46  3:36  Drone  
  46  3:37  Drone  
  46  3:40  Overlord  
  48  3:44  Drone x2  
  50  3:51  Zergling x6  
  50  3:53  Drone x2  
  50  3:55  Drone  
  56  4:00  Drone x2  
  58  4:02  Queen  
  58  4:05  Overlord  
  58  4:09  Drone x2  
  62  4:12  Drone x2  
  63  4:19  Drone x2  
  65  4:24  Spore Crawler  
  65  4:27  Spore Crawler  
  65  4:29  Roach Warren  
  65  4:30  Overlord  
  62  4:31  Spore Crawler  
  62  4:32  Zergling x4  
  62  4:34  Drone x2  
  62  4:37  Drone  
  66  4:38  Queen  
  66  4:44  Extractor  
  66  4:45  Extractor, Drone x2  
  68  4:49  Evolution Chamber, Drone x3  
  70  4:53  Overlord  
  70  4:54  Drone x2  
  70  4:56  Extractor  
  70  4:59  Lair  
  71  5:05  Overlord  
  71  5:09  Queen  
  71  5:11  Roach x3  
  71  5:14  Drone x2  
  80  5:15  Drone  
  80  5:21  Roach x3  
  87  5:26  Roach x2  
  87  5:28  Overlord  
  91  5:30  Roach  
  91  5:33  Roach  
  91  5:34  Overlord  
  95  5:38  Ravager  
  95  5:39  Ravager x2  
  95  5:40  Overlord  
  98  5:43  Overlord  
  98  5:48  Roach x3  
  104  5:53  Overlord  
  104  5:55  Roach x3  
  109  6:02  Overlord  
  109  6:04  Glial Reconstitution  
  109  6:08  Zerg Missile Weapons Level 1  
  109  6:10  Extractor, Drone x2  
  109  6:11  Overlord, Drone  
  111  6:14  Overlord  
  111  6:18  Overlord  
  111  6:22  Nydus Network, Overlord  
  110  6:26  Overlord, Overseer  
  110  6:29  Roach  
  112  6:35  Drone x2  
  112  6:36  Drone  
  106  6:41  Roach x4  
  114  6:47  Roach  
  114  6:48  Roach x2  
  114  6:52  Roach x2  
  124  6:56  Roach  
  124  6:57  Roach  
  124  7:00  Roach  
  130  7:06  Roach x3  
  136  7:09  Ravager  
  136  7:10  Roach  
  136  7:13  Nydus Canal  
  139  7:18  Roach x3  
  139  7:20  Roach  
  143  7:36  Roach x7  
  149  7:38  Nydus Canal  
  149  7:40  Roach  
  139  7:44  Roach  
  139  7:47  Roach x2  
  143  7:57  Roach  
  143  7:58  Roach x4  
  135  8:03  Roach x2  
  124  8:05  Roach  
  124  8:06  Roach  
  124  8:10  Roach  
  113  8:15  Nydus Canal  
  113  8:19  Roach x4  
  111  8:22  Roach  
  107  8:27  Roach x2  
  111  8:36  Roach  
  111  8:37  Roach, Nydus Canal  
  111  8:38  Roach  
  111  8:39  Roach  
  113  8:46  Roach  
  107  8:52  Roach  
  107  8:53  Roach  
  107  8:54  Ravager  
  88  9:04  Roach x3  
  88  9:05  Nydus Canal  
  86  9:11  Roach x3  
  86  9:13  Roach x2  
  86  9:16  Roach  
  92  9:22  Roach x2  
  92  9:23  Nydus Canal  
  94  9:29  Roach x2  
  95  9:33  Roach x2  
  95  9:38  Nydus Canal  
  95  9:39  Roach  
  95  9:40  Roach  
  93  9:53  Nydus Canal  
Tags
 
Add a new tag
Caveats
  • Supply blocks, unpowered buildings, or Contaminate may cause inaccurate times.
  • Supply counts are checked every 10 seconds.